 Dungeon Crawl Stone Soup version 0.19.0-19-g8c6edcc (webtiles) character file.

3759 Daunt the Basher (level 9, -1/63 HPs)
             Began as a Pale Draconian Monk on Nov 13, 2016.
             Was a High Priest of Qazlal.
             Slain by an orc warrior
             ... wielding a +0 flail
              (27 damage)
             ... on level 8 of the Dungeon.
             The game lasted 00:41:25 (7766 turns).

Daunt the Basher (Pale Draconian Monk)              Turns: 7766, Time: 00:41:25

Health: -1/63      AC:  8    Str: 13    XL:     9   Next: 94%
Magic:  9/9        EV: 13    Int: 12    God:    Qazlal [*****.]
Gold:   41         SH:  6    Dex: 16    Spells: 0 memorised, 8 levels left

rFire  . . .     SeeInvis .     N - +1 great mace of Wiotuwn {pain, rC+ Dex+2} (curse)
rCold  + . .     Gourm    .     (armour unavailable)
rNeg   . . .     Faith    +     (shield currently unavailable)
rPois  +         Spirit   .     (helmet restricted)
rElec  .         Reflect  .     (no cloak)
rCorr  +         Harm     .     c - +0 pair of gloves
MR     +....                    (no boots)
Stlth  +.........               a - amulet of faith
                                G - ring of poison resistance
                                A - ring of resist corrosion

@: flying, repel missiles
A: breathe steam, unfitting armour, big wings, dopey 1, frail 1, magic
resistance 1, wild magic 1, cold-blooded, AC +7
a: Breathe Steam, Stop Flying, Upheaval, Elemental Force, Disaster Area,
Renounce Religion


You were on level 8 of the Dungeon.
You worshipped Qazlal.
Qazlal was extremely pleased with you.
You were not hungry.

You visited 1 branch of the dungeon, and saw 8 of its levels.

You collected 351 gold pieces.
You spent 310 gold pieces at shops.

Inventory:

Hand Weapons
 y - a +0 flail of protection
 H - a +6 flail of holy wrath
 N - the cursed +1 great mace of Wiotuwn (weapon) {pain, rC+ Dex+2}
   (You bought it in a shop on level 5 of the Dungeon)

   In the hands of one skilled in necromantic magic, it inflicts extra damage on
   living creatures.
   It affects your dexterity (+2).
   It protects you from cold.
   It has a curse placed upon it.
Missiles
 e - 353 stones (quivered)
 K - 5 tomahawks
Armour
 c - a +0 pair of gloves (worn)
 x - a +1 shield of poison resistance
 M - a +0 buckler
Magical Staves
 k - an uncursed staff of power
Rods
 E - a +0 lightning rod (11/11)
   (You found it on level 5 of the Dungeon)
Jewellery
 a - an amulet of faith (around neck)
 A - a ring of resist corrosion (left hand)
 C - an uncursed ring of flight
 G - a ring of poison resistance (right hand)
Wands
 m - a wand of random effects (48/48)
Scrolls
 d - a scroll of noise {unknown}
 f - a scroll of fear {unknown}
 g - a scroll of recharging
 h - a scroll of blinking {unknown}
 i - a scroll of remove curse
 l - a scroll of fog {unknown}
 u - a scroll of teleportation {unknown}
 B - a scroll of enchant armour {unknown}
 I - 2 scrolls of immolation {unknown}
Potions
 j - 3 potions of flight
 n - 3 potions of degeneration
 o - 2 potions of curing
 p - 2 potions of agility
 r - a potion of haste
 t - a potion of lignification
 v - 2 potions of might
 F - a potion of ambrosia
 J - a potion of heal wounds
 L - 2 potions of resistance {unknown}
Books
 q - a book of Maledictions

   Spells                             Type                      Level
   a - Corona                         Hexes                        1
   b - Ensorcelled Hibernation        Hexes/Ice                    2
   c - Confuse                        Hexes                        3
   d - Tukima's Dance                 Hexes                        3
   e - Dazzling Spray                 Conjuration/Hexes            3
Comestibles
 b - 4 bread rations
 s - 3 beef jerkies
 w - 2 meat rations
 z - 3 slices of pizza
 D - 3 chunks of flesh


   Skills:
 - Level 3.2 Fighting
 + Level 13.2 Maces & Flails
 - Level 2.6 Dodging
 - Level 1.7 Stealth
 - Level 5.0 Shields


You had 8 spell levels left.
You didn't know any spells.

Dungeon Overview and Level Annotations

Branches:
Dungeon (8/15)             Temple (0/1) D:7
   Lair: D:8-11

Altars:
Cheibriados
Dithmenos
Elyvilon
Fedhas
Gozag
Makhleb
Okawaru
Qazlal
Sif Muna
Uskayaw
Xom
Yredelemnul
Zin

Shops:
D:5 (

Annotations:
D:5 SAJeffrey's ghost, novice TrVM


Innate Abilities, Weirdness & Mutations

You can breathe blasts of scalding, opaque steam.
Your pale cyan-grey scales are hard. (AC +7)
You cannot fit into any form of body armour.
You are cold-blooded and may be slowed by cold attacks.
Your large and strong wings let you fly indefinitely.
You are dopey. (Int -2)
You are frail. (-10% HP)
You are resistant to hostile enchantments. (MR+)
Your spells are a little harder to cast, but a little more powerful.


Message History

The orc warrior completely misses you.
The orc is engulfed in roaring flames.
You kill the orc!
Qazlal accepts your kill.
You hit the orc warrior but do no damage.
You tail-slap the orc warrior, but do no damage.
The orc warrior is lightly wounded.
The giant cockroach is engulfed in freezing vapours.
You kill the giant cockroach!
Qazlal accepts your kill.
Your Shields skill increases to level 5!
The orc warrior hits you with a flail!
You hit the orc warrior but do no damage.
You tail-slap the orc warrior.
The orc warrior is moderately wounded.
You block the orc warrior's attack.
You sock the orc warrior!
You tail-slap the orc warrior, but do no damage.
The orc warrior is almost dead.
The orc warrior hits you with a flail!!
You die...

#........(.....#
#.......#.######
#.#.......##
#.#....#...#
#......#...# #
########...# ##.#
#...#####.....
#...#.§)......
####...#§@.###
.........§o...#
............§...#
...%((............
###.#.......###.#.
#.#......... .. #
#....###### #
#.#....# #.#....#


You could see an orc warrior.

Vanquished Creatures
  Erica (D:8)
  The ghost of usscaptain the Cleaver, a novice MiFi of Okawaru (D:7)
  Eustachio (D:6)
  Edmund (D:5)
  Duvessa (D:7)
  An ice beast (D:6)
  A sky beast (D:5)
  A black bear (D:6)
  An orc warrior (D:7)
  A phantom (D:6)
  An ogre (D:6)
  A centaur (D:7)
  A bullfrog (D:7)
  Dowan (D:7)
  A scorpion (D:4)
  8 wights
  4 howler monkeys
  A jelly (D:5)
  An electric eel (D:6)
  2 crimson imps (D:6)
  2 centaur zombies
  5 hounds
  A bullfrog skeleton (D:5)
  2 orc priests
  3 orc wizards
  4 iguanas
  4 worker ants
  3 hound skeletons
  4 gnolls (D:4)
  A howler monkey skeleton (D:7)
  11 adders
  A shadow imp (D:6)
  3 oozes
  3 adder skeletons
  An adder zombie (D:8)
  2 worms
  2 dart slugs (D:1)
  6 leopard geckos
  22 orcs
  9 giant cockroaches
  6 goblins
  10 hobgoblins
  5 jackals
  3 quokkas
  7 bats
  7 frilled lizards
  6 kobolds
  A leopard gecko skeleton (D:6)
  2 quokka skeletons
  4 rats
171 creatures vanquished.

Notes
Turn   | Place    | Note
-------+----------+-------------------------------------------
     0 | D:1      | Daunt the Draconian Monk began the quest for the Orb.
     0 | D:1      | Reached XP level 1. HP: 19/19 MP: 1/1
    92 | D:1      | Reached XP level 2. HP: 17/26 MP: 2/2
   612 | D:1      | Reached skill level 4 in Maces & Flails
  1056 | D:1      | Reached XP level 3. HP: 31/31 MP: 3/3
  1164 | D:2      | Found a faded altar of an unknown god.
  1260 | D:2      | Became a worshipper of Qazlal Stormbringer
  1260 | D:2      | Reached * piety under Qazlal
  1260 | D:2      | Reached ** piety under Qazlal
  1361 | D:2      | Found a snail-covered altar of Cheibriados.
  1368 | D:2      | Found an iron altar of Okawaru.
  1463 | D:2      | Reached skill level 5 in Maces & Flails
  1463 | D:2      | Reached XP level 4. HP: 36/38 MP: 4/4
  1644 | D:3      | Reached *** piety under Qazlal
  1698 | D:3      | Reached XP level 5. HP: 17/45 MP: 5/5
  1940 | D:3      | Reached skill level 6 in Maces & Flails
  3098 | D:4      | Reached XP level 6. HP: 25/51 MP: 3/6
  3118 | D:4      | Reached skill level 7 in Maces & Flails
  3977 | D:5      | Entered Level 5 of the Dungeon
  3988 | D:5      | Found Fuix's Antique Weapon Emporium.
  4005 | D:5      | Noticed SAJeffrey's ghost (novice TrVM)
  4038 | D:5      | Found a burning altar of Makhleb.
  4042 | D:5      | Noticed a blizzard demon
  4044 | D:5      | Found a glowing silver altar of Zin.
  4044 | D:5      | Noticed an angel
  4260 | D:5      | Found a shimmering altar of Xom.
  4355 | D:5      | Reached skill level 8 in Maces & Flails
  4355 | D:5      | Your scales start taking on a pale cyan-grey colour.
  4355 | D:5      | Reached XP level 7. HP: 51/57 MP: 7/7
  4797 | D:5      | Found a deep blue altar of Sif Muna.
  4850 | D:5      | Gained mutation: Your large and strong wings let you fly indefinitely. [mutagenic meat]
  4851 | D:5      | Gained mutation: You are dopey. (Int -2) [mutagenic meat]
  4852 | D:5      | Gained mutation: You are resistant to hostile enchantments. (MR+) [mutagenic meat]
  4853 | D:5      | Gained mutation: Your spells are a little harder to cast, but a little more powerful. [mutagenic meat]
  4854 | D:5      | Gained mutation: You are frail. (-10% HP) [mutagenic meat]
  4951 | D:5      | Reached **** piety under Qazlal
  5117 | D:5      | Found a shadowy altar of Dithmenos.
  5364 | D:6      | Found a blossoming altar of Fedhas.
  5386 | D:6      | Reached skill level 9 in Maces & Flails
  5442 | D:6      | Noticed Edmund
  5465 | D:5      | Killed Edmund
  5496 | D:6      | Reached XP level 8. HP: 34/56 MP: 8/8
  5526 | D:6      | Reached skill level 10 in Maces & Flails
  5804 | D:6      | Noticed Eustachio
  5826 | D:6      | Killed Eustachio
  5826 | D:6      | Reached skill level 11 in Maces & Flails
  6247 | D:7      | Found a hide-covered altar of Uskayaw.
  6303 | D:7      | Noticed usscaptain's ghost (novice MiFi)
  6427 | D:7      | Found a white marble altar of Elyvilon.
  6820 | D:7      | Found an opulent altar of Gozag.
  6852 | D:7      | Found a staircase to the Ecumenical Temple.
  7043 | D:7      | Reached XP level 9. HP: 61/63 MP: 9/9
  7076 | D:7      | Found a basalt altar of Yredelemnul.
  7134 | D:7      | Killed usscaptain's ghost
  7134 | D:7      | Reached skill level 12 in Maces & Flails
  7252 | D:7      | Noticed Duvessa
  7256 | D:7      | Noticed Dowan
  7259 | D:7      | Killed Duvessa
  7260 | D:7      | Killed Dowan
  7356 | D:7      | Reached skill level 1 in Shields
  7415 | D:8      | Noticed Erica
  7428 | D:8      | Killed Erica
  7428 | D:8      | Reached skill level 13 in Maces & Flails
  7499 | D:8      | Reached ***** piety under Qazlal
  7638 | D:5      | Bought an ebony great mace for 310 gold pieces
  7638 | D:5      | Identified the cursed +1 great mace of Wiotuwn {pain, rC+ Dex+2} (You bought it in a shop on level 5 of the Dungeon)
  7764 | D:8      | Reached skill level 5 in Shields
  7766 | D:8      | Slain by an orc warrior

Skill      XL: |  1  2  3  4  5  6  7  8  9 |
---------------+----------------------------+-----
Maces & Flails | 4 5 6 8 9 11 13 | 13.2
Shields        | 5 |  5.0
Fighting       | |  3.2
Dodging        | |  2.6
Stealth        | |  1.7

Action                   |  1- 3 |  4- 6 |  7- 9 || total
-------------------------+-------+-------+-------++-------
Melee: Mace              |   103 |   183 |       ||   286
       Tailslap          |    12 |    21 |    32 ||    65
       Flail             |       |    49 |   269 ||   318
       Great mace        |       |       |    11 ||    11
Throw: Stone             |     1 |       |       ||     1
Invok: Upheaval          |       |     1 |       ||     1
 Abil: Breathe Steam     |       |       |    17 ||    17
       Fly               |       |       |     1 ||     1
  Use: Scroll            |       |     8 |     5 ||    13
 Stab: Sleeping          |     4 |       |       ||     4
       Distracted        |       |       |     1 ||     1
  Eat: Chunk             |     2 |     9 |    18 ||    29
Armor: Skin              |    19 |    48 |    48 ||   115
Dodge: Dodged            |    54 |   136 |   112 ||   302
       Deflected         |       |       |     3 ||     3
Block: Other             |     2 |    33 |    50 ||    85
